TOP OF THE 1ST |
Royse City Targaryens batting - Pitching for Calgary Lynx : RHP Juan López
|
Pitching: RHP Juan López
|
|
Batting: LHB Jorge Garza
|
0-0: Ball 1-0: Called Strike 1-1: Foul Ball, location: 2F 1-2: Ground out 4-3 (Groundball, 4)
|
Batting: LHB José Vargas
|
0-0: Called Strike 0-1: Ball 1-1: Foul Ball, location: 2F 1-2: DOUBLE (Flyball, 9LD)
|
Batting: LHB Shang-de Zhang
|
0-0: Ball 1-0: Fly out, F9 (Flyball, 9S)
|
Batting: LHB Cisco Padilla
|
0-0: Called Strike 0-1: Foul Ball, location: 2F 0-2: Ground out 6-3 (Groundball, 6M)
|
Top of the 1st over - 0 run(s), 1 hit(s), 0 error(s), 1 left on base; Royse City 0 - Calgary 0 |
BOTTOM OF THE 1ST |
Calgary Lynx batting - Pitching for Royse City Targaryens : LHP Marcelino Freschi
|
Pitching: LHP Marcelino Freschi
|
|
Batting: LHB Ángel López
|
0-0: Called Strike 0-1: Swinging Strike 0-2: Strikes out swinging
|
Batting: LHB Miguel Zúñiga
|
0-0: Ball 1-0: Foul Ball, location: 2F 1-1: Fly out, F7 (Line Drive, 78D)
|
Batting: LHB Thomas Campbell
|
0-0: Called Strike 0-1: Foul Ball, location: 2F 0-2: Strikes out swinging
|
Bottom of the 1st over - 0 run(s), 0 hit(s), 0 error(s), 0 left on base; Royse City 0 - Calgary 0 |
TOP OF THE 2ND |
Royse City Targaryens batting - Pitching for Calgary Lynx : RHP Juan López
|
Batting: RHB Curt Johnston
|
0-0: Ball 1-0: Ground out 1-3 (Groundball, 13)
|
Batting: RHB Tomás Martínez
|
0-0: Fly out, F5 (Popup, 5S)
|
Batting: LHB Jerry Wilson
|
0-0: Ball 1-0: Fly out, F4 (Line Drive, 4)
|
Top of the 2nd over - 0 run(s), 0 hit(s), 0 error(s), 0 left on base; Royse City 0 - Calgary 0 |
BOTTOM OF THE 2ND |
Calgary Lynx batting - Pitching for Royse City Targaryens : LHP Marcelino Freschi
|
Batting: RHB Álex Estrada
|
0-0: Ball 1-0: Fly out, F7 (Flyball, 7)
|
Batting: SHB Eric O'Neill
|
0-0: Ball 1-0: Ball 2-0: Ball 3-0: Called Strike 3-1: Fly out, F2 (Popup, 5S)
|
Batting: RHB Hieu De
|
0-0: Ball 1-0: Foul Ball, location: 2F 1-1: Ball 2-1: Swinging Strike 2-2: Strikes out looking
|
Bottom of the 2nd over - 0 run(s), 0 hit(s), 0 error(s), 0 left on base; Royse City 0 - Calgary 0 |
TOP OF THE 3RD |
Royse City Targaryens batting - Pitching for Calgary Lynx : RHP Juan López
|
Batting: RHB Miguel Uribe
|
0-0: Foul Ball, location: 2F 0-1: Foul Ball, location: 2F 0-2: SINGLE (Line Drive, 89S)
|
Batting: RHB Fernando Rivera
|
0-0: Ball 1-0: SINGLE (Flyball, 9LS) Miguel Uribe to second Runner from 2nd tries for 3rd, SAFE, no throw
|
Batting: LHB Jorge Garza
|
0-0: Ball 1-0: Ball 2-0: Ground out U3 (Groundball, 3S) Miguel Uribe scores Fernando Rivera to second
|
Batting: LHB José Vargas
|
0-0: Ball 1-0: Ball 2-0: Ball 3-0: Base on Balls
|
Batting: LHB Shang-de Zhang
|
0-0: Ball 1-0: Fly out, F9 (Flyball, 89M)
|
Batting: LHB Cisco Padilla
|
0-0: Foul Ball, location: 2F 0-1: Ball 1-1: Called Strike 1-2: SINGLE (Groundball, 56D) Fernando Rivera to third José Vargas to second Runner from 3rd tries for Home, SAFE, no throw
|
Batting: RHB Curt Johnston
|
0-0: Ball 1-0: Ball 2-0: Fly out, F9 (Flyball, 9S)
|
Top of the 3rd over - 2 run(s), 3 hit(s), 0 error(s), 2 left on base; Royse City 2 - Calgary 0 |
BOTTOM OF THE 3RD |
Calgary Lynx batting - Pitching for Royse City Targaryens : LHP Marcelino Freschi
|
Batting: RHB Ramón Cabral
|
0-0: Called Strike 0-1: Ground out 4-3 (Groundball, 4)
|
Batting: RHB Chris Woodruff
|
0-0: Foul Ball, location: 2F 0-1: Ground out U3 (Groundball, 34)
|
Batting: LHB Manuel García
|
0-0: Called Strike 0-1: Swinging Strike 0-2: Ball 1-2: Hit by Pitch
|
Batting: LHB Ángel López
|
0-0: Ball 1-0: Fielders Choice at 2nd, 4-6 (Groundball, 34)
|
Bottom of the 3rd over - 0 run(s), 0 hit(s), 0 error(s), 0 left on base; Royse City 2 - Calgary 0 |
TOP OF THE 4TH |
Royse City Targaryens batting - Pitching for Calgary Lynx : RHP Juan López
|
Batting: RHB Tomás Martínez
|
0-0: Ball 1-0: SINGLE (Line Drive, 56)
|
Batting: LHB Jerry Wilson
|
0-0: Ball 1-0: Called Strike 1-1: Ball 2-1: Foul Ball, location: 2F 2-2: Ball 3-2: SINGLE (Groundball, 34D) Tomás Martínez to second
|
Batting: RHB Miguel Uribe
|
0-0: Called Strike 0-1: Fielders Choice at 2nd, 6-4 (Groundball, 56) Tomás Martínez to third
|
Batting: RHB Fernando Rivera
|
0-0: Ball 1-0: Foul Ball, location: 2F 1-1: Called Strike 1-2: Ball 2-2: Foul Ball, location: 2F 2-2: Foul Ball, location: 2F 2-2: Foul Ball, location: 2F 2-2: Strikes out swinging
|
Batting: LHB Jorge Garza
|
0-0: Ball 1-0: Called Strike 1-1: Foul Ball, location: 2F 1-2: Strikes out swinging
|
Top of the 4th over - 0 run(s), 2 hit(s), 0 error(s), 2 left on base; Royse City 2 - Calgary 0 |
BOTTOM OF THE 4TH |
Calgary Lynx batting - Pitching for Royse City Targaryens : LHP Marcelino Freschi
|
Batting: LHB Miguel Zúñiga
|
0-0: Foul Ball, location: 2F 0-1: Called Strike 0-2: Foul Ball, location: 2F 0-2: Ball 1-2: Ball 2-2: Ball 3-2: Foul Ball, location: 2F 3-2: Base on Balls
|
Batting: LHB Thomas Campbell
|
0-0: Called Strike 0-1: Ball 1-1: Called Strike 1-2: Strikes out swinging
|
Batting: RHB Álex Estrada
|
0-0: Fly out, F8 (Line Drive, 8LM)
|
Batting: SHB Eric O'Neill
|
0-0: Ball 1-0: Fly out, F8 (Flyball, 8RD)
|
Bottom of the 4th over - 0 run(s), 0 hit(s), 0 error(s), 1 left on base; Royse City 2 - Calgary 0 |
TOP OF THE 5TH |
Royse City Targaryens batting - Pitching for Calgary Lynx : RHP Juan López
|
Batting: LHB José Vargas
|
0-0: Called Strike 0-1: SOLO HOME RUN (Flyball, 9LD), Distance : 355 ft
|
Batting: LHB Shang-de Zhang
|
0-0: Called Strike 0-1: Foul Ball, location: 2F 0-2: Ground out 1-3 (Groundball, 13S)
|
Batting: LHB Cisco Padilla
|
0-0: SOLO HOME RUN (Flyball, 9LD), Distance : 332 ft
|
Batting: RHB Curt Johnston
|
0-0: Ball 1-0: Foul Ball, location: 2F 1-1: Foul Ball, location: 2F 1-2: Ball 2-2: Ball 3-2: Strikes out swinging
|
Batting: RHB Tomás Martínez
|
0-0: Fly out, F8 (Line Drive, 8LM)
|
Top of the 5th over - 2 run(s), 2 hit(s), 0 error(s), 0 left on base; Royse City 4 - Calgary 0 |
BOTTOM OF THE 5TH |
Calgary Lynx batting - Pitching for Royse City Targaryens : LHP Marcelino Freschi
|
Batting: RHB Hieu De
|
0-0: Ball 1-0: Called Strike 1-1: Ball 2-1: Called Strike 2-2: Ball 3-2: Base on Balls
|
Batting: RHB Ramón Cabral
|
0-0: Foul Ball, location: 2F 0-1: Foul Ball, location: 2F 0-2: 2-RUN HOME RUN (Flyball, 8LXD) (Inside the Park)
|
Batting: RHB Chris Woodruff
|
0-0: Ball 1-0: Foul Ball, location: 2F 1-1: Swinging Strike 1-2: Fly out, F8 (Flyball, 8LM)
|
Batting: LHB Manuel García
|
0-0: Ground out 5-3 (Groundball, 56)
|
Batting: LHB Ángel López
|
0-0: Called Strike 0-1: Ball 1-1: Called Strike 1-2: Ball 2-2: Ground out 4-3 (Groundball, 4)
|
Bottom of the 5th over - 2 run(s), 1 hit(s), 0 error(s), 0 left on base; Royse City 4 - Calgary 2 |
TOP OF THE 6TH |
Royse City Targaryens batting - Pitching for Calgary Lynx : RHP Juan López
|
Batting: LHB Jerry Wilson
|
0-0: Ball 1-0: Fly out, F8 (Flyball, 8LS)
|
Batting: RHB Miguel Uribe
|
0-0: Ball 1-0: Ball 2-0: Called Strike 2-1: Swinging Strike 2-2: Ball 3-2: Foul Ball, location: 2F 3-2: Fly out, F9 (Flyball, 9S)
|
Batting: RHB Fernando Rivera
|
0-0: Fly out, F7 (Flyball, 7)
|
Top of the 6th over - 0 run(s), 0 hit(s), 0 error(s), 0 left on base; Royse City 4 - Calgary 2 |
BOTTOM OF THE 6TH |
Calgary Lynx batting - Pitching for Royse City Targaryens : LHP Marcelino Freschi
|
Batting: LHB Miguel Zúñiga
|
0-0: Fly out, F4 (Popup, 4D)
|
Batting: LHB Thomas Campbell
|
0-0: Ball 1-0: Swinging Strike 1-1: Ball 2-1: Fly out, F4 (Line Drive, 4M)
|
Batting: RHB Álex Estrada
|
0-0: Ball 1-0: Swinging Strike 1-1: Ball 2-1: Ball 3-1: Base on Balls
|
Batting: SHB Eric O'Neill
|
0-0: Called Strike Álex Estrada steals 2nd base 0-1: Foul Ball, location: 2F 0-2: Ball 1-2: Ball 2-2: Ball 3-2: SINGLE (Groundball, 6MD) Álex Estrada to third Álex Estrada scores
|
Batting: RHB Hieu De
|
0-0: Ball 1-0: Called Strike 1-1: Foul Ball, location: 2F 1-2: Ball 2-2: Ball 3-2: Fly out, F9 (Flyball, 89S)
|
Bottom of the 6th over - 1 run(s), 1 hit(s), 0 error(s), 1 left on base; Royse City 4 - Calgary 3 |
TOP OF THE 7TH |
Royse City Targaryens batting - Pitching for Calgary Lynx : RHP Juan López
|
Batting: LHB Jorge Garza
|
0-0: Called Strike 0-1: Fly out, F9 (Flyball, 9S)
|
Batting: LHB José Vargas
|
0-0: Called Strike 0-1: Foul Ball, location: 2F 0-2: Ball 1-2: SINGLE (Flyball, 8RS)
|
Batting: LHB Shang-de Zhang
|
0-0: Called Strike 0-1: Fly out, F5 (Popup, 5D)
|
Batting: LHB Cisco Padilla
|
0-0: Swinging Strike 0-1: Ball 1-1: Ball 2-1: Fly out, F7 (Flyball, 7D)
|
Top of the 7th over - 0 run(s), 1 hit(s), 0 error(s), 1 left on base; Royse City 4 - Calgary 3 |
BOTTOM OF THE 7TH |
Calgary Lynx batting - Pitching for Royse City Targaryens : LHP Marcelino Freschi
|
Batting: RHB Ramón Cabral
|
0-0: Ground out 4-3 (Groundball, 34)
|
Batting: RHB Chris Woodruff
|
0-0: Foul Ball, location: 2F 0-1: Ball 1-1: Ball 2-1: Ball 3-1: Base on Balls
|
Pinch Hitting: RHB Darren Tomlinson
|
0-0: Ball 1-0: Fly out, F4 (Popup, 4M)
|
Batting: LHB Ángel López
|
0-0: Called Strike 0-1: Ball 1-1: SINGLE (Line Drive, 7LS) Chris Woodruff to second
|
Batting: LHB Miguel Zúñiga
|
0-0: Called Strike 0-1: Ball 1-1: Foul Ball, location: 2F 1-2: Foul Ball, location: 2F 1-2: Foul Ball, location: 2F 1-2: Hit by Pitch Chris Woodruff to third Ángel López to second
|
Batting: LHB Thomas Campbell
|
0-0: Ball 1-0: Ball 2-0: SINGLE (Groundball, 3D) Chris Woodruff scores Ángel López to third Miguel Zúñiga to second Runner from 3rd tries for Home, SAFE, no throw
|
Batting: RHB Álex Estrada
|
0-0: Swinging Strike 0-1: Swinging Strike 0-2: Foul Ball, location: 2F 0-2: Strikes out swinging
|
Bottom of the 7th over - 2 run(s), 2 hit(s), 0 error(s), 2 left on base; Royse City 4 - Calgary 5 |
TOP OF THE 8TH |
Royse City Targaryens batting - Pitching for Calgary Lynx : RHP Juan López
|
Now in LF: Darren Tomlinson
|
|
Batting: RHB Curt Johnston
|
0-0: Foul Ball, location: 2F 0-1: Foul Ball, location: 2F 0-2: Strikes out swinging
|
Pitching: RHP Alfonso Vera
|
|
Batting: RHB Tomás Martínez
|
0-0: Ball 1-0: Called Strike 1-1: Swinging Strike 1-2: Foul Ball, location: 2F 1-2: Ground out 6-3 (Groundball, 6)
|
Pitching: LHP Adrian Neumann
|
|
Batting: LHB Jerry Wilson
|
0-0: Foul Ball, location: 2F 0-1: Called Strike 0-2: Strikes out swinging, 2-3 out at first.
|
Top of the 8th over - 0 run(s), 0 hit(s), 0 error(s), 0 left on base; Royse City 4 - Calgary 5 |
BOTTOM OF THE 8TH |
Calgary Lynx batting - Pitching for Royse City Targaryens : LHP Marcelino Freschi
|
Batting: SHB Eric O'Neill
|
0-0: Ball 1-0: Called Strike 1-1: Reached via error on a dropped throw, E3
|
Pitching: RHP Gabriel Rodríguez
|
|
Batting: RHB Hieu De
|
0-0: Sac Bunt - play at first, batter OUT! 1-4 Eric O'Neill to second
|
Pinch Hitting: LHB Luis Rodríguez
|
0-0: Intentional Walk
|
Pinch Hitting: LHB Tom Cotton
|
0-0: Called Strike 0-1: Ball 1-1: Ball 2-1: Ball 3-1: Ground out U3 (Groundball, 34S) Eric O'Neill to third Luis Rodríguez to second
|
Batting: RHB Darren Tomlinson
|
0-0: Called Strike 0-1: Foul Ball, location: 2F 0-2: Ball 1-2: Fly out, F9 (Flyball, 89D)
|
Bottom of the 8th over - 0 run(s), 0 hit(s), 1 error(s), 2 left on base; Royse City 4 - Calgary 5 |
TOP OF THE 9TH |
Royse City Targaryens batting - Pitching for Calgary Lynx : LHP Adrian Neumann
|
Pitching: RHP Jim Atkinson
|
|
Now at 3B: Elvis Larson
|
|
Now at SS: John Huff
|
|
Pinch Hitting: LHB Carl Duncan
|
0-0: Foul Ball, location: 2F 0-1: Ball 1-1: Ball 2-1: Foul Ball, location: 2F 2-2: Ball 3-2: Base on Balls
|
Batting: RHB Fernando Rivera
|
0-0: Sac Bunt - play at first, batter OUT! 1-4 Carl Duncan to second
|
Batting: LHB Jorge Garza
|
0-0: Ball 1-0: Called Strike 1-1: SINGLE (Groundball, 3D) Carl Duncan to third
|
Batting: LHB José Vargas
|
0-0: Ball 1-0: Foul Ball, location: 2F 1-1: Ball 2-1: Foul Ball, location: 2F 2-2: Ball 3-2: Base on Balls Jorge Garza to second
|
Batting: LHB Shang-de Zhang
|
0-0: Called Strike 0-1: Ball 1-1: Ball 2-1: Swinging Strike 2-2: Ball 3-2: Foul Ball, location: 2F 3-2: Foul Ball, location: 2F 3-2: Base on Balls Carl Duncan scores Jorge Garza to third José Vargas to second
|
Batting: LHB Cisco Padilla
|
0-0: Swinging Strike 0-1: Ball 1-1: Ball 2-1: Foul Ball, location: 2F 2-2: Ball 3-2: SINGLE (Groundball, 34D) Jorge Garza scores José Vargas to third Shang-de Zhang to second Runner from 3rd tries for Home, throw and OUT!
|
Pinch Hitting: RHB Carlos Pacheco
|
0-0: Ball 1-0: Called Strike 1-1: Ball 2-1: Called Strike 2-2: Strikes out swinging
|
Top of the 9th over - 2 run(s), 2 hit(s), 0 error(s), 2 left on base; Royse City 6 - Calgary 5 |
BOTTOM OF THE 9TH |
Calgary Lynx batting - Pitching for Royse City Targaryens : RHP Gabriel Rodríguez
|
Pitching: LHP Roberto Aguirre
|
|
Now at SS: Sancho Balderas
|
|
Now in LF: Aurelio Aurillo
|
|
Batting: LHB Ángel López
|
0-0: Ball 1-0: Foul Ball, location: 2F 1-1: SINGLE (Flyball, 7LS)
|
Pinch Hitting: RHB Rob Warner
|
0-0: Bunted foul 0-1: Sac Bunt - play at first, batter OUT! 5-4 Ángel López to second
|
Batting: LHB Thomas Campbell
|
0-0: DOUBLE (Line Drive, 8LXD) Ángel López scores
|
Batting: RHB Álex Estrada
|
0-0: Called Strike 0-1: Fly out, F8 (Flyball, 8LD) Runner from 2nd tags up, SAFE at 3rd, no throw
|
Batting: SHB Eric O'Neill
|
0-0: Ball 1-0: Ball 2-0: Foul Ball, location: 2F 2-1: Ball 3-1: Foul Ball, location: 2F 3-2: Foul Ball, location: 2F 3-2: Base on Balls
|
Batting: RHB Hieu De
|
0-0: Ball 1-0: Ball 2-0: Swinging Strike 2-1: Reached on error, E4 (Groundball, 34) Thomas Campbell scores
|
Friday, December 30th, 2016 - OOTP Baseball 17.12 Build 75
|
|